 Dungeon Crawl Stone Soup version 0.18-a0-1238-g8adb878 (webtiles) character file.

84 RedPan the Sneak (level 4, 0/30 HPs)
             Began as a Vampire Enchanter on Feb 5, 2016.
             Slain by an ooze (4 damage)
             ... on level 2 of the Dungeon.
             The game lasted 00:08:39 (3019 turns).

RedPan the Sneak (Vampire Enchanter)                Turns: 3019, Time: 00:08:39

Health: 0/30       AC:  4    Str:  8    XL:     4   Next: 23%
Magic:  7/7        EV: 12    Int: 17    God:
Gold:   112        SH:  0    Dex: 14    Spells: 2 memorised, 4 levels left

rFire  . . .     SeeInvis +     a - +1 dagger
rCold  + . .     Gourm    .     b - +1 robe
rNeg   + + .     Faith    .     (no shield)
rPois  +         Spirit   .     o - +0 helmet
rElec  .         Dismiss  .     (no cloak)
rCorr  .         Reflect  .     (no gloves)
SustAt .         Harm     .     (no boots)
MR     .....                    (no amulet)
Stlth  ++++......               (no ring)
                                (no ring)

@: regenerating slowly, not resistant to hostile enchantments, stealthy
A: fangs 3, see invisible, unbreathing
a: Bat Form


You were on level 2 of the Dungeon.
You were thirsty.

You visited 1 branch of the dungeon, and saw 3 of its levels.

You collected 112 gold pieces.

Inventory:

Hand Weapons
 a - a +1 dagger (weapon)
Armour
 b - a +1 robe (worn)
 o - a +0 helmet (worn)
Jewellery
 n - an uncursed amulet of dismissal {unknown}
Scrolls
 e - a scroll of remove curse {unknown}
 h - a scroll of blinking
 i - 4 scrolls of identify
 l - a scroll of noise
 p - a scroll of immolation {unknown}
Potions
 d - 13 potions of blood
 f - a potion of brilliance
 g - a potion of curing
 j - a potion of flight {unknown}
 k - a potion of invisibility
 m - a potion of agility {unknown}
Books
 c - a book of Maledictions

   Spells                             Type                      Level
   a - Corona                         Hexes                        1
   b - Ensorcelled Hibernation        Hexes/Ice                    2
   c - Confuse                        Hexes                        3
   d - Tukima's Dance                 Hexes                        3
   e - Dazzling Spray                 Conjuration/Hexes            3


   Skills:
 + Level 3.1 Short Blades
 - Level 2.1 Dodging
 + Level 6.5 Stealth
 - Level 2.0 Spellcasting
 - Level 4.4 Hexes


You had 4 spell levels left.
You knew the following spells:

 Your Spells              Type           Power        Failure   Level  Hunger
a - Corona                Hex            ###....      3%          1    #......
b - Ensorcelled Hibernat  Hex/Ice        #.....       14%         2    ###....


Dungeon Overview and Level Annotations

Branches:
Dungeon (3/15)

Altars:
Yredelemnul

Annotations:
D:3 Yendor's ghost, amateur DsNe


Innate Abilities, Weirdness & Mutations

You heal slowly.
You have razor-sharp teeth.
You have supernaturally acute eyesight.
You can survive without breathing.


Message History

The ooze misses you.
Yendor's ghost moves out of view.
Your magical contamination has completely faded away.
The ooze hits you.
* * * LOW HITPOINT WARNING * * *
You see here a club.
Yendor's ghost points at you and mumbles some strange words.
Pain shoots through your body!
* * * LOW HITPOINT WARNING * * *
There is an open door here.
There is a stone staircase leading up here.
The ooze hits you but does no damage.
You climb upwards.
There is a stone staircase leading down here.
You are too injured to fight recklessly!
You are too injured to fight recklessly!
You are too injured to fight recklessly!
You hit the ooze but do no damage.
The ooze is lightly wounded.
The ooze hits you.
You die...

###.#.#.##.........# #.##.# #
#.#.#.##.........#### #.##.## #
#.#.#.##............# #.##... #
#.#.#.##...<.....)#.#####.####.
#.#.#.##..........#.......# #.
#.#.#.##.........####...#.####.
#.#.#.##..........#...#.#......
#.#............J..#..##.......<
###.###...)..##.@##....#####.###.
#............)...###.##.###.## #.
..#.##.............#.###...## #.
###.##.#####.##.##.#.# ##### #.
###.##.### #.##.##.#.# #.
#...##.#.###.........# ##.
#.####..#............######## #..
#.# #.###..................# #.#
#.# #..#.#####.##.#.######.# #.#


You could see an ooze.

Vanquished Creatures
  2 adders (D:2)
  3 worms
  4 orcs (D:3)
  8 bats
  2 giant cockroaches (D:2)
  5 goblins
  3 hobgoblins
  8 jackals (D:2)
  3 giant newts
  5 kobolds (D:1)
  8 rats
51 creatures vanquished.

Notes
Turn   | Place    | Note
--------------------------------------------------------------
     0 | D:1      | RedPan the Vampire Enchanter began the quest for the Orb.
     0 | D:1      | Reached XP level 1. HP: 13/13 MP: 3/3
   119 | D:1      | Reached XP level 2. HP: 11/19 MP: 5/5
   404 | D:1      | Reached skill level 5 in Stealth
   411 | D:1      | Learned a level 2 spell: Ensorcelled Hibernation
  1308 | D:2      | Reached XP level 3. HP: 16/24 MP: 1/6
  2200 | D:2      | Reached skill level 6 in Stealth
  2517 | D:2      | Found a basalt altar of Yredelemnul.
  2700 | D:2      | Reached XP level 4. HP: 26/30 MP: 2/7
  2992 | D:3      | Noticed Yendor's ghost (amateur DsNe)
  3019 | D:2      | Slain by an ooze

Vault maps used:
D:1:      mrwooster_arrival_statue_3, serial_forest,
          infiniplex_forest_lined_corner, infiniplex_forest_zigzag_1,
          infiniplex_forest_clump_double, infiniplex_forest_straight_1,
          infiniplex_forest_clump_double, infiniplex_forest_lined_room_2,
          infiniplex_forest_lined_ring
D:2:      lemuel_crystal_altar
D:3:      portal_sewer_entry_f, kennysheep_generic_room_14

Action                   |  1- 3 |  4- 6 || total
-------------------------+-------+-------++-------
Melee: Dagger            |   150 |    30 ||   180
 Cast: Ensorcelled Hiber |    16 |     2 ||    18
  Use: Potion            |     2 |     3 ||     5
       Scroll            |       |     3 ||     3
 Stab: Sleeping          |    14 |     3 ||    17
       Invisible         |       |     1 ||     1
